 Dungeon Crawl Stone Soup version 0.23.2-40-g277498a001 (webtiles) character file.

Game seed: 3488810997602096924

5913 H0rd4k the Slicer (level 11, 0/121 HPs)
             Began as a Human Artificer on Sept 12, 2019.
             Was an Initiate of Gozag.
             Slain by a yak (7 damage)
             ... on level 10 of the Dungeon.
             The game lasted 00:22:09 (10916 turns).

H0rd4k the Slicer (Human Artificer)                Turns: 10916, Time: 00:22:10

Health: 0/121      AC: 17    Str: 27    XL:     11   Next: 8%
Magic:  14/14      EV: 14    Int: 11    God:    Gozag
Gold:   583        SH:  0    Dex: 16    Spells: 10/10 levels left

rFire    . . .     SeeInvis .   v - +3 dagger (venom)
rCold    . . .     Gourm    .   (no shield)
rNeg     + . .     Faith    .   x - +6 scale mail {rPois}
rPois    +         Spirit   .   (no helmet)
rElec    .         Reflect  .   (no cloak)
rCorr    .         Harm     .   y - +2 pair of gloves {Dex+3}
MR       .....                  (no boots)
Stlth    ..........             (no amulet)
HPRegen  0.30/turn              l - +5 ring of strength
MPRegen  0.14/turn              i - ring of positive energy

@: berserking, gold aura, very quick
A: no striking features
a: Potion Petition, Call Merchant, Bribe Branch, Renounce Religion


You were on level 10 of the Dungeon.
You worshipped Gozag.
Gozag was pleased with you.
You were hungry.

You visited 2 branches of the dungeon, and saw 12 of its levels.

You collected 1984 gold pieces.
You spent 1361 gold pieces at shops.
You paid 40 gold pieces to Gozag.

Inventory:

Hand Weapons
 a - a +2 scimitar of holy wrath
 p - a +2 short sword of draining
 s - a +0 shortbow of velocity
 v - a +3 dagger of venom (weapon)
Missiles
 w - 48 arrows
Armour
 x - a +6 scale mail of poison resistance (worn)
 y - a +2 pair of gloves of dexterity (worn)
Jewellery
 i - a ring of positive energy (right hand)
 j - a +1 ring of protection
 l - a +5 ring of strength (left hand)
Wands
 c - a wand of flame (4)
 d - a wand of enslavement (10)
 e - a wand of random effects (41)
 D - a wand of digging (6)
 E - a wand of disintegration (16)
 G - a wand of polymorph (9)
Scrolls
 f - 2 scrolls of blinking
 g - a scroll of remove curse
 h - 7 scrolls of teleportation
 n - a scroll of random uselessness
 u - a scroll of enchant armour
 A - a scroll of magic mapping
 F - a scroll of amnesia
Potions
 b - a potion of might
 k - 5 potions of agility
 m - a potion of haste
 o - a potion of lignification
 r - a potion of brilliance
 t - 2 potions of curing
 z - 2 potions of ambrosia
 B - a potion of heal wounds
 C - a potion of cancellation
 I - a potion of flight
Comestibles
 q - 2 rations


   Skills:
 + Level 6.1 Fighting
 + Level 9.0(9.3) Short Blades
 + Level 3.6(6.7) Long Blades
 + Level 7.7 Armour
 + Level 6.3 Dodging
 + Level 2.8 Stealth
 + Level 5.2 Evocations


You had 10 spell levels left.
You didn't know any spells.
Your spell library contained the following spells:

 Spells                   Type           Power        Failure   Level  Hunger
 Animate Skeleton         Necr           N/A          56%         1    ##.....
 Apportation              Tloc           #.....       56%         1    ##.....
 Confusing Touch          Hex            #.....       56%         1    ##.....
 Summon Small Mammal      Summ           #...         56%         1    ##.....
 Bolt of Magma            Conj/Fire/Erth #.........   100%        5    ######.
 Iskenderun's Battlesphe  Conj/Chrm      #.......     100%        5    ######.
 Venom Bolt               Conj/Pois      #.........   100%        5    ######.
 Iron Shot                Conj/Erth      #.........   100%        6    #######
 Orb of Destruction       Conj           #.........   100%        7    #######
 Spellforged Servitor     Conj/Summ      #.........   100%        7    #######


Dungeon Overview and Level Annotations

Branches:
Dungeon (11/15)            Temple (0/1) D:6            Lair (1/6) D:10
    Orc (0/2) D:10

Altars:
Ashenzari
Dithmenos
Gozag
Hepliaklqana
Ru
Sif Muna
Trog
Wu Jian
Xom
Zin
Beogh
Jiyva

Shops:
D:5 [   D:6 *   D:10 *

Annotations:
D:4 2 transporters


Message History

* * * LOW HITPOINT WARNING * * *
The yak misses you.
You puncture the yak!
The yak is almost dead.
You hit the yak.
You kill the yak!
Your Short Blades skill increases to level 9!
You puncture the yak!
The yak is poisoned.
The yak is moderately wounded.
The yak gores you!
* * * LOW HITPOINT WARNING * * *
You barely miss the yak.
The yak is moderately wounded.
You barely miss the yak.
The yak is moderately wounded.
You hit the yak.
The yak looks as sick as possible!
The yak is heavily wounded.
The yak gores you!
You die...
Your body crumbles into a pile of gold.

..#.....# #.# #.######.
..#.....# #.# #........
..8..⌠..# #.# #.######.
..).....# #.# #.# #. ..8.(...#
#.# #.######. #.#.....# #.#
#......). #.####### #####.#
#.######) ###### #.Y...#
#........ )....# #@#####
########. ####.# #######$# #.
#.# #.......# #. #.# #.#####.#
#. #.# #)# #.# #. #.#
##)#####.# #. #.####.).##.#.#
#. #.............## ##########.
##.####.........#####..........


You could see a yak.

Vanquished Creatures
  An oklob plant (D:10)
  5 yaks
  A steam dragon (D:8)
  A water moccasin (D:8)
  Edmund (D:6)
  3 ice beasts
  A necrophage (D:9)
  4 orc warriors
  A black bear (D:8)
  2 phantoms (D:5)
  4 sky beasts
  5 ogres
  2 centaurs
  2 big kobolds
  5 bullfrogs
  A water moccasin zombie (D:5)
  2 howler monkeys
  A bullfrog zombie (D:9)
  3 crimson imps
  A quasit (D:7)
  A centaur skeleton (D:6)
  5 hounds
  10 orc wizards
  13 orc priests
  2 jellies
  2 iguanas
  5 worker ants
  A worker ant zombie (D:9)
  7 adders
  2 shadow imps (D:5)
  An adder skeleton (D:7)
  A worm (D:4)
  2 dart slugs
  6 leopard geckos
  40 orcs
  2 ball pythons
  7 bats
  7 giant cockroaches
  6 goblins
  7 hobgoblins
  6 jackals
  6 kobolds
  4 quokkas
  7 frilled lizards
  6 rats
  2 plants (D:10)
204 creatures vanquished.

Vanquished Creatures (collateral kills)
  A centaur (D:10)
  An orc priest (D:4)
2 creatures vanquished.

Vanquished Creatures (others)
  A two-headed ogre (D:10)
  An iguana (D:8)
2 creatures vanquished.

Grand Total: 208 creatures vanquished

Notes
Turn   | Place    | Note
-------+----------+-------------------------------------------
     0 | D:1      | H0rd4k the Human Artificer began the quest for the Orb.
     0 | D:1      | Reached XP level 1. HP: 15/15 MP: 3/3
   239 | D:1      | Reached XP level 2. HP: 5/21 MP: 4/4
  1128 | D:1      | Found a viscous altar of Jiyva.
  1316 | D:2      | Reached skill level 1 in Armour
  1343 | D:2      | Reached XP level 3. HP: 23/26 MP: 5/5
  1349 | D:2      | Found an ornate altar of the Wu Jian Council.
  1349 | D:2      | Found an opulent altar of Gozag.
  1404 | D:2      | Found a sacrificial altar of Ru.
  1523 | D:2      | Became a worshipper of Gozag Ym Sagoz the Greedy
  1840 | D:2      | Reached XP level 4. HP: 26/32 MP: 6/6
  2380 | D:3      | Found a shadowy altar of Dithmenos.
  2763 | D:4      | Reached skill level 2 in Short Blades
  2763 | D:4      | Reached XP level 5. HP: 18/37 MP: 7/7
  2852 | D:4      | Reached skill level 1 in Long Blades
  2852 | D:4      | Reached XP level 6. HP: 7/44 MP: 8/8
  3124 | D:4      | Found a transporter.
  4192 | D:4      | Reached XP level 7. HP: 47/50 MP: 9/9
  5063 | D:4      | Found a deep blue altar of Sif Muna.
  5199 | D:4      | Found a transporter.
  5320 | D:5      | Entered Level 5 of the Dungeon
  5376 | D:5      | Reached skill level 3 in Short Blades
  5445 | D:5      | Found Duleonki's Antique Armour Shop.
  5457 | D:5      | Bought a pair of embroidered gloves for 202 gold pieces
  5608 | D:5      | Reached XP level 8. HP: 57/57 MP: 11/11
  5850 | D:5      | Reached skill level 4 in Short Blades
  6305 | D:5      | Found a hazy altar of Hepliaklqana.
  6386 | D:6      | Found a staircase to the Ecumenical Temple.
  6527 | D:6      | Found Beock's Assorted Antiques.
  6538 | D:6      | Bought a scroll labeled OWKESI QEETA for 30 gold pieces
  6538 | D:6      | Bought a blackened wooden wand for 120 gold pieces
  6538 | D:6      | Bought a scroll labeled INONKUNOSOR for 30 gold pieces
  6583 | D:6      | Reached skill level 5 in Short Blades
  6638 | D:6      | Reached XP level 9. HP: 65/65 MP: 12/12
  6645 | D:6      | Noticed Edmund
  6648 | D:6      | Killed Edmund
  6648 | D:6      | Reached skill level 5 in Armour
  7083 | D:7      | Reached skill level 6 in Short Blades
  7345 | D:7      | You fall through a shaft!
  7423 | D:8      | Found a bloodstained altar of Trog.
  7573 | D:8      | Reached skill level 5 in Evocations
  7736 | D:8      | Reached skill level 5 in Dodging
  7751 | D:8      | Found a shattered altar of Ashenzari.
  7823 | D:8      | Reached skill level 7 in Short Blades
  7823 | D:8      | Reached XP level 10. HP: 49/73 MP: 13/13
  7831 | D:8      | Found a glowing silver altar of Zin.
  7931 | D:8      | Found a shimmering altar of Xom.
  8207 | D:6      | Bought a yellow potion for 27 gold pieces
  8207 | D:6      | Bought a bubbling pink potion for 27 gold pieces
  8244 | D:5      | Bought a translucent plate armour for 756 gold pieces
  8254 | D:5      | Identified the cursed +1 plate armour of Touh {rN+} (You
                  | bought it in a shop on level 5 of the Dungeon)
  8833 | D:9      | Reached skill level 5 in Fighting
  9001 | D:9      | Reached skill level 8 in Short Blades
  9107 | D:10     | Entered Level 10 of the Dungeon
  9126 | D:10     | Found a staircase to the Lair.
  9126 | D:10     | Noticed an oklob plant
  9195 | D:10     | Noticed a two-headed ogre
  9268 | D:10     | Found a deep blue altar of Sif Muna.
  9291 | D:10     | Found Huti's General Store.
  9296 | D:10     | Bought a potion of ambrosia for 104 gold pieces
  9296 | D:10     | Bought a potion of berserk rage for 65 gold pieces
  9770 | D:10     | Found a roughly hewn altar of Beogh.
  9799 | D:10     | Found a staircase to the Orcish Mines.
 10535 | D:10     | Killed an oklob plant
 10535 | D:10     | Reached XP level 11. HP: 30/81 MP: 14/14
 10772 | Lair:1   | Entered Level 1 of the Lair of Beasts
 10823 | D:11     | Noticed a manticore
 10912 | D:10     | Reached skill level 9 in Short Blades
 10913 | D:10     | HP: 6/121 [yak (9)]
 10916 | D:10     | Slain by a yak

Skill      XL: |  1  2  3  4  5  6  7  8  9 10 11 |
---------------+----------------------------------+-----
Armour         | 1 2 3 4 6 7 |  7.7
Short Blades   | 2 3 5 7 8 9 |  9.0
Long Blades    | 1 2 3 |  3.6
Fighting       | 2 3 4 6 |  6.1
Stealth        | 2 |  2.8
Evocations     | 4 5 |  5.2
Dodging        | 3 5 6 |  6.3

Action                   |  1- 3 |  4- 6 |  7- 9 | 10-12 || total
-------------------------+-------+-------+-------+-------++-------
Melee: Short sword       |   182 |    17 |       |       ||   199
       Falchion          |       |   101 |       |       ||   101
       Dagger            |       |    66 |   570 |   372 ||  1008
       Scimitar          |       |       |       |    64 ||    64
Evoke: Wand              |       |    14 |    19 |     3 ||    36
  Use: Potion            |       |     1 |       |     3 ||     4
       Scroll            |       |     1 |    19 |     5 ||    25
 Stab: Sleeping          |     1 |       |       |       ||     1
       Distracted        |       |       |       |     1 ||     1
  Eat: Chunk             |     2 |       |       |       ||     2
       Ration            |       |     3 |     3 |     3 ||     9
Armor: Leather armour    |    40 |       |       |       ||    40
       Plate armour      |    76 |   112 |       |       ||   188
       Scale mail        |       |     9 |   200 |    87 ||   296
Dodge: Dodged            |    80 |    37 |   216 |   132 ||   465
       Rpst.: Falchion   |       |    10 |       |       ||    10
       Scimitar          |       |       |       |     3 ||     3
